 Dungeon Crawl Stone Soup version 0.21.1-1-g345015f (webtiles) character file.

83 Swet the Charlatan (level 4, -16/21 HPs)
             Began as a Spriggan Artificer on July 14, 2018.
             Shot themself with a fireball (19 damage)
             ... on level 2 of the Dungeon.
             The game lasted 00:24:00 (2350 turns).

Swet the Charlatan (Spriggan Artificer)             Turns: 2350, Time: 00:24:00

Health: -16/21     AC:  5    Str:  5 (8)  XL:     4   Next: 22%
Magic:  8/8        EV: 19    Int: 10 (12) God:
Gold:   68         SH:  4    Dex: 14 (15) Spells: 3/3 levels left

rFire    . . .     SeeInvis +   a - +0 short sword
rCold    . . .     Gourm    .   (shield restricted)
rNeg     + . .     Faith    .   b - +1 robe
rPois    .         Spirit   .   (helmet restricted)
rElec    .         Reflect  .   (no cloak)
rCorr    .         Harm     .   (gloves unavailable)
MR       .....                  (boots unavailable)
Stlth    +++.......             (no amulet)
HPRegen  0.07/turn              j - ring of positive energy
MPRegen  0.11/turn              (no ring)

@: lethally poisoned (-16 -> -23), about to teleport, very quick
A: very small, unfitting armour, large bone plates 1, thin metallic scales 1,
see invisible, clumsy 1, herbivore, speed 3, slow metabolism 2
a: no special abilities


You were on level 2 of the Dungeon.
You were not hungry.

You visited 1 branch of the dungeon, and saw 3 of its levels.

You collected 68 gold pieces.

Inventory:

Hand Weapons
 a - a +0 short sword (weapon)
 g - a +0 dagger
 q - a +0 short sword
Missiles
 k - 28 arrows
Armour
 b - a +1 robe (worn)
 m - a +0 buckler
Jewellery
 j - a ring of positive energy (left hand)
Wands
 c - a wand of flame (15)
 d - a wand of enslavement (15)
 e - a wand of random effects (14)
 p - a wand of digging (19)
Scrolls
 h - 2 scrolls of remove curse
 i - 2 scrolls of identify
 l - a scroll of teleportation
Comestibles
 f - 5 rations


   Skills:
 - Level 0.7 Fighting
 + Level 2.0 Short Blades
 * Level 4.4 Dodging
 * Level 3.9 Stealth
 + Level 4.6 Evocations


You had 3 spell levels left.
You didn't know any spells.

Dungeon Overview and Level Annotations

Branches:
Dungeon (3/15)

Altars:


Innate Abilities, Weirdness & Mutations

You are very small and have problems with some larger weapons.
You are too small for most types of armour.
You have supernaturally acute eyesight. (SInv)
You are a herbivore.
You cover ground extremely quickly.
You need consume almost no food.
You are partially covered in large bone plates. (SH +4)
You are partially covered in thin metallic scales. (AC +2)
You are clumsy. (Dex -2)


Message History

Unknown command.
As you read the scroll labeled LIUNAD TUIH, it crumbles to dust.
It is a scroll of identify.
h - 2 scrolls of remove curse
As you read the scroll labeled SIN BAENWAE, it crumbles to dust.
You feel strangely unstable.
It was a scroll of teleportation.
* * * LOW HITPOINT WARNING * * *
You feel sick.
As you read the scroll labeled MAFE DONOD, it crumbles to dust.
The air around you briefly surges with heat, but it dissipates.
It was a scroll of immolation.
* * * LOW HITPOINT WARNING * * *
You feel sick.
You eat one of the 6 rations.
That ration really hit the spot!
Aiming: Random Effects
Press: ? - help, Shift-Dir - straight line, f - you That beam is likely to hit you.
Continue anyway?
The fireball explodes!
The fireball engulfs you!
Ouch! That really hurt!
You die...

######### ######.......#
.....#.#####.#####
#.####.###.......#
#.#....##........#
#.#.#####........#
.......(........@#######
#.#...#.#..............#
#.#...#.#........#####.#
..#.....#........# #.#
#.#..####.###.##.#####.#
#.#.......###.##.......#
###........##.##.####..#
............#.......#..#
###..####....)...##.#..#


There were no monsters in sight!

Vanquished Creatures
  4 adders (D:2)
  A worm (D:2)
  A dart slug (D:1)
  3 leopard geckos
  2 giant cockroaches (D:1)
  4 goblins
  2 hobgoblins
  A ball python (D:2)
  5 bats
  4 frilled lizards
  9 kobolds
  8 rats
44 creatures vanquished.

Notes
Turn   | Place    | Note
-------+----------+-------------------------------------------
     0 | D:1      | Swet the Spriggan Artificer began the quest for the Orb.
     0 | D:1      | Reached XP level 1. HP: 9/9 MP: 4/4
   398 | D:1      | Reached XP level 2. HP: 14/14 MP: 6/6
  1340 | D:2      | Reached XP level 3. HP: 17/17 MP: 7/7
  1760 | D:2      | Reached XP level 4. HP: 14/21 MP: 8/8
  2344 | D:2      | Gained mutation: You are clumsy. (Dex -2) [potion of mutation]
  2344 | D:2      | Gained mutation: You are partially covered in large bone plates. (SH +4) [potion of mutation]
  2344 | D:2      | Gained mutation: You are partially covered in thin metallic scales. (AC +2) [potion of mutation]
  2350 | D:2      | Shot themself with a fireball

Skill      XL: |  1  2  3 |
---------------+----------+-----
Stealth        | 2 3 |  3.9
Dodging        | 4 |  4.4
Short Blades   | 2 |  2.0
Fighting       | |  0.7
Evocations     | |  4.6

Action                   |  1- 3 |  4- 6 || total
-------------------------+-------+-------++-------
Melee: Short sword       |   113 |    40 ||   153
Evoke: Wand              |     1 |       ||     1
  Use: Potion            |     2 |     1 ||     3
       Scroll            |       |     4 ||     4
 Stab: Sleeping          |    10 |     2 ||    12
  Eat: Ration            |       |     1 ||     1
Armor: Robe              |     9 |     2 ||    11
Dodge: Dodged            |   114 |    26 ||   140
